 Dungeon Crawl Stone Soup version 0.20.0-10-g0535bb4 (webtiles) character file.

14 Manul the Skirmisher (level 2, -10/21 HPs)
             Began as an Octopode Abyssal Knight on June 5, 2017.
             Was a Follower of Lugonu.
             Killed from afar by a wretched star (31 damage)
             ... with an orb of energy
             ... summoned by the player character
             ... on level 2 of the Abyss.
             The game lasted 00:01:09 (157 turns).

Manul the Skirmisher (Octopode Abyssal Knight)       Turns: 157, Time: 00:01:10

Health: -10/21     AC:  1    Str: 11    XL:     2   Next: 41%
Magic:  3/3        EV: 13    Int: 14    God:    Lugonu [*.....]
Gold:   82         SH:  0    Dex: 11    Spells: 1/1 levels left

rFire    . . .     SeeInvis .   a - +1 short sword
rCold    . . .     Gourm    .   (no shield)
rNeg     . . .     Faith    .   (helmet restricted)
rPois    .         Spirit   .   (no amulet)
rElec    .         Reflect  .   (no ring)
rCorr    .         Harm     .   (no ring)
MR       .....                  (no ring)
Stlth    ++........             (no ring)
Regen    0.1/turn               (no ring)
MPRegen  0.1/turn               (no ring)
                                (no ring)
                                (no ring)

@: no status effects
A: almost no armour, stealthy swim, amphibious, 8 rings, constrict 8, camouflage
1, gelatinous body 1
a: Depart the Abyss, Renounce Religion


You were on level 2 of the Abyss.
You worshipped Lugonu.
Lugonu was aware of your devotion.
You were not hungry.

You visited 0 branches of the dungeon, and saw 0 of its levels.
You visited the Abyss 1 time.

You collected 82 gold pieces.

Inventory:

Hand Weapons
 a - a +1 short sword (weapon)
Potions
 c - a potion of agility {unknown}
Comestibles
 b - a bread ration


   Skills:
 + Level 3.3 Fighting
 + Level 2.0 Short Blades
 + Level 2.6 Dodging
 + Level 0.4 Stealth
 + Level 2.1 Invocations


You had one spell level left.
You didn't know any spells.

Dungeon Overview and Level Annotations

Branches:
Dungeon (0/15)

Altars:


Innate Abilities, Weirdness & Mutations

You cannot wear most types of armour.
You are very stealthy in the water. (Stealth+)
You are amphibious.
You can wear up to eight rings at the same time.
You can use your tentacles to constrict eight enemies at once.
Your skin changes colour to match your surroundings (Stealth+).
Your rubbery body absorbs attacks. (AC +1, EV +1)


Message History

Your tentacled starspawn engulfs the large abomination.
Unknown command.
The starspawn's tentacles wither and die.
Your tentacled starspawn dissolves into shadows!
Your wraith hits the large abomination.
Your wraith drains the large abomination's vigour!
The large abomination seems to slow down.
The large abomination barely misses your wraith.
Unknown command.
Your wraith barely misses the large abomination.
The large abomination hits your wraith!!!
Your wraith is destroyed!
The insubstantial wisp blinks!
You closely miss the insubstantial wisp.
The insubstantial wisp barely misses you.
Your wretched star glows turbulently.
The orb of energy hits the large abomination.
The orb of energy explodes!
The mystic blast hits you!
Ouch! That really hurt!
You die...

#. ..## .##.. ##.###....
## # . #.. ..#...# .# .
#..#.#.#.#...#.# .
...#..# ..*.. . . .
#..#.#.X### . #. ...
#..#...v.# .. . .# #
#...#@..### #. ..
..#..#......ยง.#
##....#..#....#.#.##...#
#.. .#.#..#.....#.#
#.#.# . ..##. #.#.#..##.
#..# #.# .##....###.# .#
##. 5 . #..# .## #. ...
. #..# . ## .. # ##...##
.


You could see a large abomination, an insubstantial wisp and a friendly wretched
star.

Vanquished Creatures (collateral kills)
  An iron imp (Abyss:2)
1 creature vanquished.

Vanquished Creatures (others)
  4 starspawn tentacles (Abyss:2)
4 creatures vanquished.

Grand Total: 5 creatures vanquished

Notes
Turn   | Place    | Note
-------+----------+-------------------------------------------
     0 | Abyss:1  | Manul the Octopode Abyssal Knight began the quest for the Orb.
     0 | Abyss:1  | Reached XP level 1. HP: 16/16 MP: 2/2
    51 | Abyss:2  | Noticed a large abomination
    60 | Abyss:2  | Noticed a small abomination
    71 | Abyss:2  | Noticed a quasit
    76 | Abyss:2  | Noticed an iron imp
    81 | Abyss:2  | Noticed a death drake
    90 | Abyss:2  | Noticed a small abomination
    92 | Abyss:2  | Noticed a tentacled starspawn
    94 | Abyss:2  | Noticed a spatial vortex
    94 | Abyss:2  | Noticed a spatial vortex
    95 | Abyss:2  | Noticed a spatial vortex
    95 | Abyss:2  | Noticed a spatial vortex
    96 | Abyss:2  | Noticed a spatial maelstrom
    96 | Abyss:2  | Noticed a spatial vortex
   109 | Abyss:2  | Noticed an iron imp
   109 | Abyss:2  | Noticed a spatial vortex
   115 | Abyss:2  | Noticed a spatial vortex
   121 | Abyss:2  | Noticed a large abomination
   121 | Abyss:2  | Noticed a spatial vortex
   121 | Abyss:2  | Noticed a spatial vortex
   146 | Abyss:2  | Killed an iron imp
   146 | Abyss:2  | Reached XP level 2. HP: 21/21 MP: 3/3
   147 | Abyss:2  | Noticed an insubstantial wisp
   157 | Abyss:2  | Killed from afar by a wretched star

Action                   || total
-------------------------++-------
Melee: Short sword       ||     1
  Use: Scroll            ||     1
Dodge: Dodged            ||     1
